Map: World of Sleepers LE

Players

ViBE

  • Race: Zerg Zerg
  • League: Platinum
  • Spawn Location: 7:00

SeltzerHero - Winner!

  • Race: Protoss Protoss
  • League: Diamond
  • Spawn Location: 1:00

VOD

Have the link to the VOD?

Description

Time

  • Played on: Dec. 12, 2019, 8:49 p.m.
  • Length: 21:50
Show
View Real Time Build Order
Export as new Build Order

ViBE Zerg 

Build Orders: Hatch First, Brood Lord Corruptor, Lurkers 

Get SALT Encoding   

  12  0:02  Drone  
  13  0:14  Overlord  
  13  0:17  Drone  
  14  0:32  Drone x2  
  16  0:39  Drone  
  17  0:53  Hatchery  
  16  0:57  Drone  
  16  0:59  Drone  
  18  1:14  Spawning Pool  
  18  1:17  Drone  
  18  1:23  Drone  
  19  1:41  Drone x2  
  19  1:42  Extractor  
  20  1:51  Drone  
  21  2:07  Queen x2  
  25  2:09  Zergling x4  
  27  2:19  Drone  
  27  2:22  Overlord  
  28  2:40  Drone x4  
  32  2:45  Lair  
  32  2:46  Drone, Queen  
  35  2:54  Drone  
  36  3:07  Overlord  
  36  3:09  Hatchery  
  36  3:11  Drone  
  36  3:21  Overlord  
  36  3:26  Drone x7  
  43  3:33  Roach Warren  
  42  3:36  Overlord  
  42  3:40  Drone  
  42  3:41  Drone  
  44  3:43  Extractor  
  44  3:45  Extractor  
  44  3:47  Drone  
  43  3:54  Drone x2  
  45  3:57  Queen  
  47  4:15  Overlord x2  
  47  4:16  Drone x5  
  52  4:25  Overlord x2  
  52  4:39  Roach x8  
  68  4:46  Drone  
  68  4:47  Drone x2  
  71  4:55  Drone  
  71  4:56  Drone x2  
  74  5:04  Drone x2  
  74  5:05  Drone x5  
  81  5:09  Drone  
  82  5:16  Glial Reconstitution  
  82  5:19  Hydralisk Den  
  82  5:20  Evolution Chamber  
  80  5:25  Overlord  
  80  5:26  Overlord  
  80  5:27  Overlord  
  80  5:33  Hatchery  
  79  5:44  Drone x12  
  79  5:45  Drone x2  
  79  5:46  Drone  
  79  5:47  Drone  
  95  5:51  Zerg Missile Weapons Level 1  
  95  5:52  Grooved Spines  
  94  6:00  Overseer  
  94  6:03  Overlord x2  
  94  6:12  Hydralisk x7  
  107  6:20  Extractor  
  106  6:27  Hatchery  
  106  6:29  Hydralisk x4  
  113  6:40  Hydralisk  
  113  6:41  Hydralisk x3  
  113  6:43  Extractor  
  120  6:48  Hydralisk  
  120  6:51  Overlord x3  
  122  7:04  Hydralisk x3  
  122  7:05  Hydralisk  
  122  7:06  Overlord  
  122  7:07  Overlord x4  
  130  7:23  Hydralisk x4  
  138  7:33  Overlord x5  
  138  7:34  Muscular Augments  
  138  7:44  Hydralisk  
  138  7:45  Hydralisk x2  
  144  8:03  Overseer  
  144  8:08  Drone x4  
  144  8:09  Drone x9  
  144  8:10  Drone x4  
  144  8:12  Drone  
  160  8:14  Extractor  
  160  8:15  Extractor  
  160  8:19  Infestation Pit  
  155  8:22  Hydralisk x4  
  155  8:24  Hydralisk x4  
  171  8:28  Hydralisk  
  173  8:55  Hydralisk x3  
  173  8:56  Hydralisk x4  
  187  9:10  Hydralisk x4  
  187  9:12  Spore Crawler  
  187  9:13  Spine Crawler  
  187  9:15  Spore Crawler, Spine Crawler  
  191  9:17  Spine Crawler x2  
  191  9:18  Spore Crawler  
  191  9:19  Spine Crawler  
  191  9:21  Spore Crawler  
  191  9:22  Spine Crawler x2  
  184  9:24  Spine Crawler  
  184  9:27  Drone x3  
  184  9:28  Drone x3  
  184  9:30  Drone x3  
  192  9:33  Drone x8  
  192  9:36  Spore Crawler, Spine Crawler  
  192  9:38  Spine Crawler, Hive  
  198  9:40  Lurker Den  
  198  9:42  Spire  
  198  9:44  Hydralisk x2  
  199  9:46  Drone  
  188  10:31  Hydralisk x15  
  188  10:32  Hydralisk x4  
  180  10:37  Metabolic Boost  
  180  10:40  Zergling x4  
  146  10:44  Extractor x2  
  128  10:55  Hatchery  
  127  11:00  Greater Spire  
  127  11:02  Lurker x2  
  127  11:03  Lurker  
  130  11:06  Lurker  
  131  11:17  Roach  
  131  11:18  Zergling x2, Roach x8  
  149  11:19  Zergling x32  
  166  11:25  Adaptive Talons  
  159  11:45  Roach x12  
  159  11:46  Roach x3  
  167  11:47  Roach  
  167  11:48  Roach  
  150  11:59  Roach x7  
  123  12:17  Roach x8  
  123  12:18  Roach x3  
  123  12:20  Roach x2  
  123  12:30  Extractor  
  123  12:35  Queen  
  122  12:40  Corruptor x4  
  122  12:42  Zergling x16  
  130  12:56  Zergling x12  
  98  13:10  Zergling x18  
  106  13:13  Brood Lord  
  106  13:16  Brood Lord  
  106  13:18  Brood Lord x2  
  106  13:19  Zergling x4  
  106  13:28  Corruptor x3  
  98  13:37  Drone  
  98  13:38  Drone x9  
  107  13:44  Hatchery  
  104  13:50  Zerg Flyer Weapons Level 1  
  104  13:54  Zerg Melee Weapons Level 1  
  104  13:57  Drone x6  
  110  14:03  Brood Lord x3  
  116  14:10  Drone  
  116  14:11  Drone x8  
  125  14:31  Drone  
  125  14:32  Drone x10  
  125  14:38  Corruptor x2, Extractor  
  135  14:41  Corruptor  
  139  14:46  Adrenal Glands  
  139  14:48  Extractor  
  138  14:56  Corruptor x3  
  141  15:14  Brood Lord  
  141  15:15  Brood Lord x2  
  141  15:20  Corruptor x2  
  151  15:33  Brood Lord  
  151  15:34  Brood Lord x2  
  149  15:36  Zergling x2  
  149  15:37  Zergling x30  
  149  15:42  Zergling x2  
  162  15:43  Zergling x8  
  163  15:51  Zergling x2  
  163  15:52  Zergling x12  
  144  16:08  Drone x7  
  142  16:17  Queen  
  143  16:20  Drone x2  
  143  16:21  Drone  
  146  16:25  Hatchery  
  146  16:29  Zergling x14  
  146  16:30  Zergling x4  
  148  16:39  Zerg Melee Weapons Level 2  
  146  16:42  Zerg Flyer Armor Level 1  
  143  16:48  Zergling x2  
  143  16:49  Zergling x20  
  150  17:11  Hatchery  
  145  17:17  Hatchery  
  145  17:18  Hydralisk Den  
  131  17:37  Drone x13  
  125  17:39  Hatchery  
  104  18:00  Corruptor x5  
  114  18:26  Corruptor x4  
  122  18:31  Extractor  
  121  18:34  Extractor x2  
  121  18:38  Corruptor  
  121  18:39  Corruptor x2  
  123  18:51  Corruptor x3  
  123  18:52  Corruptor  
  109  19:13  Drone x3  
  109  19:14  Drone  
  113  19:20  Hydralisk x5  
  113  19:21  Hydralisk  
  125  19:27  Zerg Flyer Armor Level 2  
  124  19:32  Zergling x6  
  124  19:33  Zergling x6  
  124  19:38  Brood Lord x2  
  124  19:40  Zergling x2  
  124  19:41  Zergling x4  
  125  19:45  Hatchery  
  125  19:51  Lurker x5  
  129  19:53  Lurker  
  129  19:58  Drone x3  
  129  19:59  Drone  
  134  20:09  Drone  
  134  20:10  Drone x6  
  130  20:33  Drone x3  
  133  20:41  Zergling x18, Hatchery  
  138  20:42  Zergling x2  
  133  20:52  Drone x4  
  133  20:55  Drone x3  
  120  21:03  Drone x2  
  118  21:04  Drone  
  100  21:13  Drone x2  
Show
View Real Time Build Order
Export as new Build Order

SeltzerHero Protoss - Winner!

Build Orders: 1 Gate Expand, Double Forge 

Get SALT Encoding   

  12  0:01  Probe  
  13  0:13  Probe  
  14  0:23  Pylon  
  14  0:26  Probe  
  15  0:41  Probe  
  16  0:46  Gateway  
  16  0:53  Probe  
  17  1:06  Probe (Chrono Boost)  
  17  1:11  Assimilator  
  18  1:18  Probe (Chrono Boost)  
  19  1:23  Probe (Chrono Boost)  
  21  1:33  Probe (Chrono Boost)  
  21  1:36  Nexus  
  21  1:40  Probe (Chrono Boost)  
  21  1:45  Pylon  
  22  1:47  Probe  
  23  2:02  Cybernetics Core  
  23  2:05  Pylon  
  23  2:08  Probe  
  24  2:12  Zealot  
  26  2:20  Probe  
  27  2:34  Forge  
  27  2:40  Robotics Facility  
  27  2:51  Robotics Facility  
  27  2:53  Probe  
  27  2:58  Warp Gate  
  28  2:59  Stalker  
  28  3:00  Probe  
  31  3:06  Probe (Chrono Boost)  
  31  3:11  Assimilator  
  31  3:12  Probe (Chrono Boost)  
  33  3:18  Probe (Chrono Boost)  
  34  3:23  Probe (Chrono Boost)  
  34  3:25  Gateway  
  35  3:27  Probe (Chrono Boost), Gateway  
  36  3:38  Probe, Immortal (Chrono Boost)  
  41  3:44  Probe  
  42  3:59  Forge  
  42  4:02  Probe (Chrono Boost)  
  44  4:03  Pylon  
  44  4:07  Probe (Chrono Boost)  
  44  4:12  Probe (Chrono Boost)  
  44  4:13  Assimilator  
  44  4:16  Probe (Chrono Boost)  
  46  4:19  Protoss Ground Weapons Level 1 (Chrono Boost)  
  46  4:20  Immortal  
  46  4:23  Probe  
  51  4:26  Probe  
  52  4:33  Protoss Ground Armor Level 1 (Chrono Boost)  
  52  4:41  Probe  
  53  4:49  Assimilator  
  53  4:53  Pylon  
  53  4:57  Probe x2  
  55  5:08  Gateway, Observer (Chrono Boost)  
  55  5:09  Gateway  
  55  5:13  Probe x2, Gateway  
  58  5:15  Gateway  
  58  5:24  Gateway  
  58  5:25  Gateway  
  58  5:27  Pylon  
  58  5:38  Probe, Twilight Council  
  58  5:39  Probe  
  58  5:40  Pylon  
  60  5:53  Probe x2  
  62  6:01  Immortal  
  62  6:03  Sentry x2  
  70  6:04  Zealot  
  70  6:05  Probe x2, Zealot x2  
  78  6:14  Charge (Chrono Boost)  
  78  6:15  Zealot x2  
  82  6:20  Probe x2  
  82  6:23  Protoss Ground Armor Level 2 (Chrono Boost)  
  84  6:41  Protoss Ground Weapons Level 2 (Chrono Boost), Probe x2, Gateway  
  86  7:21  Nexus  
  86  7:23  Pylon  
  86  7:25  Robotics Facility  
  86  7:28  Robotics Bay, Nexus  
  86  7:31  Pylon  
  86  7:38  Pylon, Immortal (Chrono Boost)  
  86  7:41  Probe x2  
  92  7:47  Pylon  
  92  7:53  Probe x2  
  92  7:54  Pylon  
  94  8:01  Pylon  
  94  8:02  Gateway  
  94  8:04  Photon Cannon, Zealot  
  94  8:05  Probe x2  
  98  8:11  Pylon  
  98  8:14  Colossus (Chrono Boost)  
  104  8:22  Extended Thermal Lance  
  104  8:23  Probe x2  
  104  8:26  Colossus (Chrono Boost)  
  112  8:30  Pylon  
  112  8:34  Probe  
  113  8:35  Probe  
  114  8:47  Stalker  
  114  8:48  Stalker  
  118  8:52  Protoss Ground Armor Level 3 (Chrono Boost)  
  118  8:57  Protoss Shields Level 1 (Chrono Boost)  
  118  9:02  Assimilator  
  118  9:07  Assimilator  
  118  9:08  Gateway  
  118  9:11  Probe x2  
  118  9:12  Colossus (Chrono Boost)  
  118  9:13  Photon Cannon  
  126  9:25  Observer (Chrono Boost)  
  126  9:31  Assimilator  
  126  9:36  Probe x2  
  126  9:37  Pylon  
  126  9:38  Probe  
  129  9:40  Probe  
  129  9:42  Gateway  
  129  9:43  Photon Cannon  
  129  9:45  Pylon  
  130  9:53  Colossus (Chrono Boost)  
  130  9:58  Pylon  
  130  9:59  Pylon  
  136  10:05  Templar Archives  
  136  10:06  Pylon  
  136  10:13  Zealot x2  
  136  10:14  Zealot  
  141  10:17  Pylon  
  141  10:25  Stalker x2  
  141  10:26  Zealot  
  141  10:27  Zealot x5  
  141  10:28  Zealot  
  121  10:40  Probe x2  
  121  10:42  Zealot x3  
  117  10:46  Colossus  
  121  10:51  Probe x2  
  121  10:52  Stalker  
  121  10:53  Stalker x3  
  131  10:58  Stargate  
  131  11:00  Zealot x4  
  139  11:07  Probe  
  140  11:23  Nexus  
  140  11:25  Pylon  
  124  11:59  High Templar x6  
  124  12:00  High Templar  
  134  12:01  Zealot x3  
  134  12:02  Zealot x2  
  134  12:05  Archon  
  134  12:06  Archon x2  
  136  12:41  Zealot x2  
  136  12:42  Zealot x7  
  136  12:43  Zealot x3  
  158  12:52  Colossus (Chrono Boost)  
  158  12:54  Colossus (Chrono Boost)  
  166  13:01  Protoss Shields Level 2 (Chrono Boost)  
  166  13:04  Stargate  
  162  13:30  Probe  
  162  13:31  Probe x2  
  164  13:34  Assimilator  
  164  13:38  Assimilator  
  164  13:42  High Templar x2, Stargate  
  164  13:43  High Templar x2, Stargate  
  164  13:46  Pylon, Archon x2  
  164  13:47  Pylon  
  172  13:59  Nexus  
  172  14:00  Cybernetics Core  
  172  14:07  Fleet Beacon  
  172  14:16  Protoss Ground Weapons Level 3 (Chrono Boost), Immortal  
  176  14:17  Protoss Air Weapons Level 1  
  176  15:02  Immortal  
  176  15:21  Tempest x2  
  176  15:25  Tempest  
  176  15:27  Tempest  
  146  16:04  Tempest x2  
  146  16:06  Zealot x4  
  146  16:07  Zealot x7  
  164  16:25  Blink (Chrono Boost), Stalker  
  148  16:49  Zealot x6  
  148  16:50  Zealot x6  
  172  16:58  Tempest x2  
  182  17:21  Zealot x5  
  182  17:22  Zealot x3  
  186  17:23  Protoss Air Weapons Level 2 (Chrono Boost), Protoss Air Armor Level 1 (Chrono Boost)  
  168  17:41  Carrier x2  
  156  17:58  Zealot x5  
  160  17:59  Zealot x6  
  160  18:00  Zealot  
  174  18:21  Protoss Shields Level 3  
  174  18:30  Assimilator  
  137  19:06  Stalker  
  137  19:07  Stalker x7  
  137  19:08  Stalker x4  
  129  19:28  Probe (Chrono Boost)  
  129  19:29  Gateway  
  130  19:31  Gateway  
  130  19:32  Nexus  
  130  19:33  Gateway  
  130  19:35  Pylon  
  130  19:36  Pylon  
  130  19:37  Probe (Chrono Boost)  
  130  19:38  Gateway  
  131  19:42  Probe (Chrono Boost)  
  130  19:46  Carrier x2  
  142  19:53  Stalker x5  
  142  19:54  Stalker x6  
  142  19:55  Stalker  
  164  20:25  Tempest  
  164  20:27  Carrier  
  147  21:18  Zealot x2  
  147  21:19  Zealot x8  
  147  21:20  Zealot x4  
  147  21:21  Zealot  
  159  21:27  Probe  
  159  21:29  Photon Cannon  
  159  21:30  Photon Cannon  
  159  21:32  Photon Cannon  
  160  21:34  Photon Cannon  
  160  21:38  Gateway  
  161  21:40  Assimilator  
  161  21:44  Assimilator  
Tags
 
Add a new tag
Caveats
  • Supply blocks, unpowered buildings, or Contaminate may cause inaccurate times.
  • Supply counts are checked every 10 seconds.